 Dungeon Crawl Stone Soup version 0.29.0-5-ge4962eb29e (webtiles) character file.

Game seed: 17002196902861033597

5968 iguanaiguana the Grappler (level 10, 0/147 HPs)
             Began as a Troll Cinder Acolyte on Aug 30, 2022.
             Was an Initiate of Ignis.
             Succumbed to a hornet's poison
             ... on level 9 of the Dungeon.
             The game lasted 00:15:45 (1518 turns).

iguanaiguana the Grappler (Troll Cinder Acolyte)    Turns: 1518, Time: 00:15:46

Health: 0/147      AC: 25    Str: 27    XL:     10   Next: 55%
Magic:  10/10      EV:  1    Int: 14    God:    Ignis [......]
Gold:   119        SH:  0    Dex:  8    Spells: 11/11 levels left

rFire   + . .      SeeInvis .     - Unarmed
rCold   . . .      Faith    .   (no shield)
rNeg    . . .      Spirit   .   (body armour currently unavailable)
rPois   +          Reflect  .   (helmet currently unavailable)
rElec   .          Harm     .   (cloak currently unavailable)
rCorr   .          Rampage  .   (gloves unavailable)
Will    .....      NoTele   +   (boots unavailable)
Stlth   ++........              (no amulet)
HPRegen 1.14/turn               e - +6 ring of dexterity
MPRegen 0.12/turn               (no ring)

@: lethally poisoned (0 -> -9), tree-form, slowed, very slow
A: stationary, stasis, torment immunity, boosted hp, large, unfitting armour,
(claws 3), regeneration 1, (shaggy fur 1), (tough skin 1), clever 1, clumsy 1,
deterioration 1
a: Renounce Religion


You were on level 9 of the Dungeon.
You worshipped Ignis.
Ignis was noncommittal.
You were a tree.
You visited 1 branch of the dungeon, and saw 10 of its levels.
You also visited: Bailey.

You collected 119 gold pieces.

Inventory:

Hand Weapons
 q - a +1 whip of electrocution
Missiles
 n - 14 poisoned darts (quivered)
Armour
 a - a +0 robe
 d - a +2 robe of willpower (melded)
 s - a scarf of shadows (melded)
Jewellery
 e - a +6 ring of dexterity (left branch)
Wands
 r - a wand of paralysis (12)
Scrolls
 f - a scroll of noise {unknown}
 g - 4 scrolls of fog {unknown}
 m - a scroll of enchant armour {unknown}
 o - a scroll of magic mapping {@r5}
 t - a scroll of teleportation {unknown}
 u - a scroll of fear
 v - 4 scrolls of identify {unknown}
 x - a scroll of acquirement {unknown}
 y - a scroll of summoning {unknown}
Potions
 b - a potion of attraction {unknown}
 c - a potion of heal wounds {unknown}
 h - a potion of degeneration {unknown}
 i - a potion of mutation
 j - a potion of lignification
 k - a potion of flight {unknown}
 l - a potion of magic {unknown}
 w - a potion of brilliance {unknown}
 z - a potion of curing {unknown}
Miscellaneous
 p - a lightning rod (4/4)


   Skills:
 - Level 6.0 Fighting
 - Level 4.0 Throwing
 + Level 5.4 Dodging
 - Level 2.0 Stealth
 - Level 12.0 Unarmed Combat
 - Level 1.0 Spellcasting
 - Level 2.1 Fire Magic


You had 11 spell levels left.
You didn't know any spells.
Your spell library contained the following spells:

 Spells                   Type           Power      Damage    Failure   Level
 Scorch                   Fire           12%        2d6       16%         2


Dungeon Overview and Level Annotations

Branches:
Dungeon (10/15) Zot: 26981  Bailey (visited)
 Temple: D:4-7         Lair: D:8-11         Orc: D:9-12

Altars:
Nemelex Xobeh
Ru

Annotations:
D:5 relicbr's ghost, amateur MiGl


Innate Abilities, Weirdness & Mutations

You are a tree.
Your roots penetrate the ground, keeping you stationary.
You cannot be teleported.
You are immune to unholy pain and torment.
Your maximum health is greatly increased.
Your equipment is partially melded.
You are too large for most types of armour.
((You have claws for hands.))
Your natural rate of healing is unusually fast.
((You are covered in fur. (AC +1)))
((You have tough skin. (AC +1)))
Your mind is acute. (Int +4, Str/Dex -1)
You are clumsy. (Dex -2)
Your body sometimes deteriorates upon taking damage.


Message History

You scratch the hornet.
The hornet is heavily wounded.
The hornet stings you.
* * * LOW HITPOINT WARNING * * *
You suddenly lose the ability to move!
You feel yourself speed up. The hornet stings you!
* * * LOW HITPOINT WARNING * * *
You are more poisoned.
You feel yourself slow down.
You feel very sick. The hornet stings you.
* * * LOW HITPOINT WARNING * * *
You are more poisoned.
You feel as though you will be slow longer.
The hornet stings you!
* * * LOW HITPOINT WARNING * * *
You feel as though you will be slow longer.
You can move again.
Unknown command.
Okay, then.
Okay, then.
You begin to rise into the air.
You feel extremely sick. The hornet stings you.
* * * LOW HITPOINT WARNING * * *
You are lethally poisoned!
You feel as though you will be slow longer.
It was a potion of mutation.
You feel extremely strange.
You feel clumsy.
You feel clever.
You feel yourself wasting away.
With a burst of heat and light, you rocket upward!
* * * LOW HITPOINT WARNING * * *
You feel extremely sick.
There is a shaft here.
It was a potion of lignification.
You turn into a tree.
Your scarf of shadows melds into your body.
Your +2 robe of willpower melds into your body.
The dungeon's light returns to normal.
You feel less strong-willed.
Your roots penetrate the ground.
You die...

##.## #....##...[# #.#
###.##.....#.#
#.######.#.#####....#
#.......#.†## #.#.##
##########...###.......#...
............##
##.##########
##########.#.###.## ###
#.....[.#..##### ..#
#.##.###..♣....# #.#
#.##.......###.# #
###.######.### #.....# #.
#.....# # #.....# #.....#
#.....# #######


There were no monsters in sight!

Vanquished Creatures
  A hydra (D:8)
  A two-headed ogre (Bailey)
  A troll (D:9)
  5 spriggans (Bailey)
  9 yaks (D:9)
  2 steam dragons
  An ice beast (D:8)
  An orc warrior (D:8)
  8 ogres (Bailey)
  3 phantoms
  2 kobold brigands
  3 bullfrogs
  2 gnoll sergeants
  Blork the orc (D:4)
  7 killer bees (D:9)
  2 howler monkeys (D:7)
  An orc priest (D:8)
  2 gnoll boudas
  An orc wizard (D:8)
  14 gnolls
  2 adders
  4 orcs
  A bat (D:3)
  An endoplasm (D:4)
  3 giant cockroaches
  5 goblins
  14 kobolds
97 creatures vanquished.

Vanquished Creatures (others)
  105 foxfires
  A withered plant (D:3)
106 creatures vanquished.

Grand Total: 203 creatures vanquished

Notes
Turn   | Place    | Note
-------+----------+-------------------------------------------
     0 | D:1      | iguanaiguana the Troll Cinder Acolyte began the quest for
                  | the Orb.
     0 | D:1      | Reached XP level 1. HP: 22/22 MP: 1/1
    23 | D:2      | Reached XP level 2. HP: 29/29 MP: 2/2
    69 | D:3      | Found a sparkling altar of Nemelex Xobeh.
   138 | D:4      | Noticed Blork the orc
   146 | D:4      | Killed Blork the orc
   147 | D:4      | Reached skill level 5 in Unarmed Combat
   147 | D:4      | Reached XP level 3. HP: 34/36 MP: 3/3
   147 | D:4      | Reached XP level 4. HP: 42/44 MP: 4/4
   190 | D:5      | Entered Level 5 of the Dungeon
   195 | D:5      | Noticed a phantom
   196 | D:5      | Noticed a phantom
   204 | D:5      | Killed a phantom
   205 | D:5      | Reached XP level 5. HP: 50/50 MP: 5/5
   208 | D:5      | Killed a phantom
   209 | D:5      | Reached skill level 6 in Unarmed Combat
   210 | D:5      | Noticed relicbr's ghost (amateur MiGl)
   262 | D:6      | Noticed a phantom
   269 | D:6      | Killed a phantom
   270 | D:6      | Reached skill level 7 in Unarmed Combat
   270 | D:6      | Reached XP level 6. HP: 59/59 MP: 6/6
   363 | D:7      | Found a flagged portal.
   464 | D:7      | Reached skill level 8 in Unarmed Combat
   464 | D:7      | Reached XP level 7. HP: 63/66 MP: 7/7
   505 | Bailey   | Entered a bailey
   522 | Bailey   | Reached skill level 5 in Fighting
   529 | Bailey   | Reached XP level 8. HP: 37/81 MP: 8/8
   628 | Bailey   | Reached skill level 1 in Stealth
   631 | Bailey   | Noticed a two-headed ogre
   673 | Bailey   | Reached XP level 9. HP: 15/89 MP: 9/9
   673 | Bailey   | Killed a two-headed ogre
   674 | Bailey   | Reached skill level 9 in Unarmed Combat
   779 | D:8      | Reached skill level 10 in Unarmed Combat
   879 | D:8      | Noticed a six-headed hydra
   887 | D:8      | Killed a six-headed hydra
   888 | D:8      | Reached skill level 11 in Unarmed Combat
  1111 | D:8      | Reached XP level 10. HP: 90/98 MP: 10/10
  1240 | D:9      | Reached skill level 12 in Unarmed Combat
  1302 | D:9      | Found a sacrificial altar of Ru.
  1365 | D:9      | Reached skill level 5 in Dodging
  1500 | D:10     | Entered Level 10 of the Dungeon
  1502 | D:10     | Paralysed by a hornet for 3 turns
  1513 | D:10     | Paralysed by a hornet for 3 turns
  1517 | D:10     | Gained mutation: You are clumsy. (Dex -2) [potion of
                  | mutation]
  1517 | D:10     | Gained mutation: Your mind is acute. (Int +4, Str/Dex -1)
                  | [potion of mutation]
  1517 | D:10     | Gained mutation: Your body sometimes deteriorates upon
                  | taking damage. [potion of mutation]
  1517 | D:9      | HP: 2/98 [poisoned by a hornet]
  1518 | D:9      | Succumbed to a hornet's poison

Illustrated notes

Levels and vault maps discovered:
D:1:      roderic_chinese_lattice_arrival, layout_basic
D:2:      layout_basic
D:3:      layout_rooms, marbit_many_paths, nemelex_xobeh_ov_fountains_minmay,
          ebering_ecumenical_altar_petrified
D:4:      layout_basic, uniq_blork_the_orc
D:5:      layout_rooms, okawaru_trees_2, makhleb_altar_promises_db,
          gammafunk_ghost_hive, serial_corexii_hall,
          chequers_hall_statues_corner_a, chequers_hall_statues_y,
          uniq_eustachio
D:6:      layout_loops_corners, nicolae_overflow_hidden_temple,
          roderic_serpentine_path, st_stairs_7, uniq_crazy_yiuf_cottage
D:7:      lemuel_ratsnest, layout_rooms, mainiacjoe_overflow_small_starburst,
          minmay_temple_entry_hall, enter_bailey_5,
          hangedman_decor_clover_reticule, uniq_maggie
D:8:      layout_cave_pools
D:9:      layout_loops_cross, nicolae_ru_awakened_eye, palyth_stone_intersect,
          serial_bayou_pond_d
D:10:     layout_cave_pods, grunt_temple_overflow_cloverleaf,
          nicolae_dithmenos_through_a_glass_darkly, david_lair_generic,
          uniq_snorg

Skill      XL: |  1  2  3  4  5  6  7  8  9 10 |
---------------+-------------------------------+-----
Unarmed Combat | 5 7 8 11 12 | 12.0
Fighting       | 5 6 |  6.0
Dodging        | 2 5 |  5.4
Throwing       | 4 |  4.0
Stealth        | 1 2 |  2.0
Spellcasting   | |  1.0
Fire Magic     | |  2.1

Action                   |  1- 3 |  4- 6 |  7- 9 | 10-12 || total
-------------------------+-------+-------+-------+-------++-------
Melee: Unarmed           |    19 |    58 |    74 |    77 ||   228
       Punch             |       |     2 |     8 |     3 ||    13
Throw: Dart              |       |       |     3 |     5 ||     8
Invok: Fiery Armour      |     1 |       |     2 |       ||     3
       Foxfire Swarm     |       |       |     6 |       ||     6
       Rising Flame      |       |       |       |     1 ||     1
  Use: Scroll            |       |       |     2 |       ||     2
       Potion            |       |       |     1 |     2 ||     3
Armor: Robe              |    11 |    21 |    44 |    13 ||    89
Dodge: Dodged            |    15 |    22 |    40 |    34 ||   111
